 Dungeon Crawl Stone Soup version 0.30-a0-475-g03497ec522 (webtiles) character file.

Game seed: 8195212792930088305

1190 Zonian the Thaumaturge (level 8, 0/50 HPs)
             Began as a Djinni Ice Elementalist on Dec 21, 2022.
             Killed by their own static electricity (5 damage)
             ... on level 6 of the Dungeon.
             The game lasted 00:15:51 (10033 turns).

Zonian the Thaumaturge (Djinni Ice Elementalist)   Turns: 10033, Time: 00:15:52

Health: 0/50       AC: 14    Str:  7    XL:     8   Next: 71%
Gold:   248        EV: 11    Int: 20    God:
                   SH:  0    Dex: 13

rFire   + + +      SeeInvis +    j - +0 short sword
rCold   . . .      Faith    .    (no shield)
rNeg    . . .      Spirit   .    v - +3 leather armour {rF+}
rPois   ∞          Reflect  .    p - +1 helmet of Objectivity {*Corrode rC+ SInv Stlth+}
rElec   .          Harm     .    (no cloak)
rCorr   .          Rampage  .    (no gloves)
Will    .....                    (boots unavailable)
Stlth   +++.......               (no amulet)
HPRegen 0.28/turn                o - ring of see invisible
MPRegen 0.00/turn                c - ring of wizardry

@: ice-armoured, freezing walls, flying
A: sickness immunity, fire resistance 2, cold vulnerability 1, float, innate
caster, HP casting, extra vitality 1
a: no special abilities


You were on level 6 of the Dungeon.
You visited 2 branches of the dungeon, and saw 7 of its levels.

You collected 248 gold pieces.

Inventory:

Hand Weapons
 f - a +0 sling
 g - a +0 club
 i - a +0 mace
 j - a +0 short sword (weapon)
 l - a +2 whip of freezing
 n - a +0 sling
Missiles
 e - 6 poisoned darts
Armour
 a - a +0 robe
 p - the +1 helmet of Objectivity (worn) {*Corrode rC+ SInv Stlth+}
   (You found it on level 2 of the Dungeon)

   rC:        It protects you from cold.
   SInv:      It lets you see invisible.
   *Corrode:  It may corrode you when you take damage.
   Stlth:     It makes you more stealthy.
 r - the +0 gold dragon scales of Anarchy {+Blink rPois rF+ rC+ Str+4 Int+2}
   (You took it off a kobold on level 2 of the Dungeon)

   Str:       It affects your strength (+4).
   Int:       It affects your intelligence (+2).
   rF:        It protects you from fire.
   rC:        It protects you from cold.
   rPois:     It protects you from poison.
   +Blink:    It lets you blink.
 v - a +3 leather armour of fire resistance (worn)
Jewellery
 c - a ring of wizardry (right hand)
 o - a ring of see invisible (left hand)
Wands
 u - a wand of mindburst (12)
 z - a wand of quicksilver (12)
Scrolls
 h - a scroll of teleportation {unknown}
 y - 3 scrolls of amnesia
 B - a scroll of magic mapping {unknown}
Potions
 b - a potion of might {unknown}
 d - 3 potions of brilliance
 k - a potion of berserk rage {unknown}
 m - a potion of degeneration {unknown}
 q - a potion of haste {unknown}
 s - a potion of invisibility {unknown}
 t - a potion of ambrosia {unknown}
 w - a potion of magic
 x - 2 potions of resistance
 A - a potion of mutation {unknown}


   Skills:
 - Level 2.4 Dodging
 - Level 1.8 Stealth
 + Level 8.2 Spellcasting


You had 7 spell levels left.
You knew the following spells:

 Your Spells              Type           Power      Damage    Failure   Level
a - Freeze                Ice            100%       1d10      1%          1
b - Frozen Ramparts       Ice            82%        1d13      1%          3
c - Ozocubu's Armour      Ice            41%        N/A       1%          3
d - Summon Ice Beast      Ice/Summ       41%        N/A       1%          4
e - Kiss of Death         Conj/Necr      100%       2d13      1%          1
f - Wereblood             Tmut           41%        N/A       1%          2
g - Static Discharge      Conj/Air       82%        2-6/arc   1%          2
Your spell library was empty.

Dungeon Overview and Level Annotations

Branches:
Dungeon (6/15)             Temple (1/1) D:5

Altars:
Cheibriados
Elyvilon
Fedhas
Gozag
Okawaru
Trog
Wu Jian
Xom
Yredelemnul
Zin
The Shining One

Shops:
D:4 =


Innate Abilities, Weirdness & Mutations

You are immune to sickness and miasma.
You are immune to poison.
Your flesh is very heat resistant. (rF++)
You are vulnerable to cold. (rC-)
You float through the air rather than walking.
You learn spells naturally, not from books.
Your magical power is your life essence.
You have superior vitality. (+4 MHP)


Message History

The wall freezes the ice beast but does no damage.
The ice beast barely misses you.
Unknown command.
You hit the ice beast.
The ice beast is moderately wounded.
The ice beast completely resists.
The wall freezes the ice beast but does no damage.
The ice beast misses you.
You hit the ice beast.
The ice beast is moderately wounded.
The ice beast completely resists.
The wall freezes the ice beast but does no damage.
The ice beast hits you. The ice beast freezes you!
You closely miss the ice beast.
The ice beast is moderately wounded.
The ice beast completely resists.
The wall freezes the ice beast but does no damage.
The ice beast barely misses you.
Unknown command.
Casting: Ozocubu's Armour (safe; 1% risk of failure)
Confirm with . or Enter, or press ? or * to list all spells.
Okay, then.
Casting: Ozocubu's Armour (safe; 1% risk of failure)
Confirm with . or Enter, or press ? or * to list all spells.
The ice beast is struck by an arc of lightning.
The ice beast is heavily wounded.
You are struck by an arc of lightning.
The lightning grounds out.
The wall freezes the ice beast but does no damage.
The ice beast hits you. The ice beast freezes you!
* * * LOW HITPOINT WARNING * * *
Casting: Static Discharge (safe; 1% risk of failure)
Confirm with . or Enter, or press ? or * to list all spells.
The ice beast is struck by an arc of lightning!
The ice beast is severely wounded.
You are struck by an arc of lightning.
* * * LOW HITPOINT WARNING * * *
The ice beast is struck by an arc of lightning!
You kill the ice beast!
You are struck by an arc of lightning.
You die...

.....>...# #'####...##...
#...##...##...##
#................
#................
.................
.........##.....#####+###
#...##...##.....##......##
###
#...##...##.....@'.......#
#..
#................#.......#
+..
#................#.......#
#..
#................#.......#
#..
#........##.....##...##.##
#. #...##'####.....##...#
.# #####.
#...##...##..........# .
#.....
.....................# .
#.....
.....................
#.....


There were no monsters in sight!

Vanquished Creatures
  Pikel (D:4)
  An ice beast (D:6)
  A black bear (D:5)
  4 lemures (D:4)
  A necrophage (D:5)
  A wight (D:5)
  A centaur zombie (D:5)
  A human zombie (D:5)
  5 hounds (D:5)
  An orc priest (D:3)
  An iguana (D:4)
  Jessica (D:2)
  Ijyb (D:3)
  A mummy (D:5)
  A gnoll (D:3)
  6 adders
  A shadow imp (D:6)
  A white imp (D:3)
  An adder zombie (D:5)
  2 dart slugs
  13 orcs
  3 bats
  4 endoplasms
  3 giant cockroaches
  7 goblins
  6 hobgoblins
  6 jackals
  A quokka (D:3)
  7 ball pythons
  A frilled lizard (D:1)
  3 kobolds (D:2)
  3 rats (D:3)
90 creatures vanquished.

Vanquished Creatures (collateral kills)
  A necrophage (D:5)
1 creature vanquished.

Vanquished Creatures (others)
  6 fungi (D:4)
  3 plants (D:4)
9 creatures vanquished.

Grand Total: 100 creatures vanquished

Notes
Turn   | Place    | Note
-------+----------+-------------------------------------------
     0 | D:1      | Zonian the Djinni Ice Elementalist began the quest for the
                  | Orb.
     0 | D:1      | Zonian set off with the following spells memorised: Freeze,
                  | Frozen Ramparts, Ozocubu's Armour, Summon Ice Beast.
     0 | D:1      | Reached XP level 1. HP: 15/15 MP: 0/0
   178 | D:1      | Reached XP level 2. HP: 21/21 MP: 0/0
   905 | D:2      | Found an ornate altar of the Wu Jian Council.
   916 | D:2      | Identified the +1 helmet of Objectivity {*Corrode rC+ SInv
                  | Stlth+}
   987 | D:2      | Noticed Jessica
   992 | D:2      | Killed Jessica
   993 | D:2      | Reached skill level 4 in Spellcasting
   993 | D:2      | Reached XP level 3. HP: 20/25 MP: 0/0
   993 | D:2      | Learned a level 1 spell: Kiss of Death
  1309 | D:2      | Reached XP level 4. HP: 25/31 MP: 0/0
  1457 | D:2      | Identified the +0 gold dragon scales of Anarchy {+Blink
                  | rPois rF+ rC+ Str+4 Int+2}
  2097 | D:3      | Reached XP level 5. HP: 18/35 MP: 0/0
  2097 | D:3      | Learned a level 2 spell: Wereblood
  2780 | D:3      | Noticed Ijyb
  2844 | D:3      | Killed Ijyb
  3063 | D:3      | Found a bloodstained altar of Trog.
  3080 | D:3      | Reached skill level 5 in Spellcasting
  3754 | D:4      | Reached XP level 6. HP: 32/40 MP: 0/0
  3978 | D:4      | Found a snail-covered altar of Cheibriados.
  4057 | D:4      | Found Muovav's Jewellery Boutique.
  4686 | D:4      | Found a blossoming altar of Fedhas.
  4969 | D:4      | Noticed Pikel
  5720 | D:4      | Killed Pikel
  5721 | D:4      | Reached skill level 6 in Spellcasting
  5721 | D:4      | Reached XP level 7. HP: 13/45 MP: 0/0
  5721 | D:4      | Learned a level 2 spell: Static Discharge
  6163 | D:5      | Entered Level 5 of the Dungeon
  6302 | D:5      | Reached skill level 7 in Spellcasting
  6340 | D:5      | Found a white marble altar of Elyvilon.
  6407 | D:5      | Found an opulent altar of Gozag.
  6424 | D:5      | Reached XP level 8. HP: 45/50 MP: 0/0
  6912 | D:5      | Found a staircase to the Ecumenical Temple.
  6922 | Temple   | Entered the Ecumenical Temple
  8372 | D:5      | HP: 2/50 [human zombie (2)]
  8478 | D:5      | Reached skill level 8 in Spellcasting
  9891 | D:6      | Found an iron altar of Okawaru.
 10033 | D:6      | Killed from afar by themself

Illustrated notes

Levels and vault maps discovered:
D:1:      grunt_arrival_crossed_arrows, layout_basic
D:2:      layout_loops_ring, basic_altar, uniq_jessica
D:3:      layout_basic, nzn_overflow_gifts_of_might_and_magic, uniq_ijyb
D:4:      layout_rooms, fedhas_altar_3, cheibriados_altar_1, serial_shops,
          nicolae_shop_advertising_works [nicolae_subvault_shop_adworks],
          uniq_pikel
D:5:      layout_basic, lemuel_mausoleum_altar_kikubaaqudgha,
          mainiacjoe_overflow_alcove_1, elyvilon_altar_5,
          minmay_temple_entry_ruins, st_stairs_4
D:6:      layout_gridville, nicolae_overflow_crystal_walls,
          mainiacjoe_overflow_paths
Temple:   hellmonk_temple_rainy

Skill      XL: |  1  2  3  4  5  6  7  8 |
---------------+-------------------------+-----
Spellcasting   | 4 5 6 7 8 |  8.2
Dodging        | |  2.4
Stealth        | |  1.8

Action                   |  1- 3 |  4- 6 |  7- 9 || total
-------------------------+-------+-------+-------++-------
Melee: Unarmed           |     3 |       |       ||     3
       Short sword       |     7 |    58 |    10 ||    75
       Whip              |       |       |   122 ||   122
       Punch             |       |       |     7 ||     7
 Cast: Freeze            |    32 |    83 |     3 ||   118
       Kiss of Death     |       |     1 |       ||     1
       Frozen Ramparts   |       |     5 |     4 ||     9
       Static Discharge  |       |       |    14 ||    14
       Summon Ice Beast  |       |       |     3 ||     3
       Ozocubu's Armour  |       |       |     2 ||     2
Evoke: Wand              |       |     3 |       ||     3
  Use: Scroll            |       |     8 |     4 ||    12
       Potion            |       |       |     3 ||     3
 Stab: Sleeping          |     1 |     5 |     3 ||     9
Armor: Robe              |     3 |     9 |       ||    12
       Leather armour    |       |    33 |    68 ||   101
Dodge: Dodged            |    22 |    64 |    92 ||   178

Table legend: (Time is in decaauts)
 A = Elapsed time spent in this place.
 B = Non-inter-level travel time spent in this place.
 C = Inter-level travel time spent in this place.
 D = Time resting spent in this place.
 E = Time spent auto-exploring this place.
 F = Levels seen in this place.
 G = Mean time per level.
                   A        B        C        D        E       F      G
               +--------+--------+--------+--------+--------+-----+--------+
         Total |  10042 |   9959 |     83 |   5516 |   2859 |   7 | 1434.6 |
       Dungeon |   9612 |   9529 |     83 |   5107 |   2859 |   6 | 1602.0 |
        Temple |    430 |    430 |      0 |    409 |      0 |   1 |  430.0 |
               +--------+--------+--------+--------+--------+-----+--------+

Top non-repeatable levels by time:
     D:5: 2740 daAuts
     D:4: 2251 daAuts
     D:3: 2222 daAuts
     D:2: 1223 daAuts
     D:6: 682 daAuts
     D:1: 492 daAuts
  Temple: 430 daAuts
